 Dungeon Crawl Stone Soup version 0.20.1-1-g8b1a95d (webtiles) character file.

774611 Blomdor the Barachian Aeon (level 27, -36/249 HPs)
             Began as a Barachi Conjurer on Sept 16, 2017.
             Was the Champion of Cheibriados.
             Killed from afar by an orb of fire (47 damage)
             ... with a fireball
             ... on level 5 of the Realm of Zot.
             The game lasted 02:58:36 (78396 turns).

Blomdor the Barachian Aeon (Barachi Conjurer)      Turns: 78396, Time: 02:58:59

Health: -36/249    AC: 42    Str: 37 (38) XL:     27
Magic:  40/40      EV: 21    Int: 31 (32) God:    Cheibriados [******]
Gold:   3100       SH: 40    Dex: 23      Spells: 29/30 levels left

rFire    + . .     SeeInvis +   U - +9 broad axe (freeze)
rCold    + + .     Gourm    .   u - +10 large shield of Ignorance {rN+ Int-4}
rNeg     + . .     Faith    .   l - +9 gold dragon scales of the Armoured One {rPois rF+ rC+ MR+ Regen+ Int+2 Dex-3 Slay+2}
rPois    +         Spirit   .   X - +0 helmet of Temperance {Slay+2 SInv}
rElec    +         Reflect  .   a - +2 cloak {rPois}
rCorr    .         Harm     .   o - +3 pair of gauntlets of War {Slay+5}
MR       ++++.                  Y - +2 pair of boots
Stlth    ..........             P - amulet of Fupifaab {RegenMP rElec Str+4 Stlth-}
Regen    1.0/turn               k - ring "Posupn Budo" {+Blink MR+ Stlth+}
MPRegen  0.4/turn               x - +4 ring of slaying

@: very slow
A: +LOS, swims, clumsy 1, cold resistance 1, deformed body, deterioration 1,
slowness 1, strong legs 2
}: 3/15 runes: serpentine, barnacled, silver
a: Hop, Bend Time, Temporal Distortion, Slouch, Step From Time, Renounce
Religion, Evoke Blink


You were on level 5 of the Realm of Zot.
You worshipped Cheibriados.
Cheibriados was exalted by your worship.
You were not hungry.

You visited 11 branches of the dungeon, and saw 53 of its levels.
You visited the Abyss 2 times.
You also visited: Labyrinth, Ice Cave and Desolation.

You collected 10669 gold pieces.
You spent 7569 gold pieces at shops.

Inventory:

Hand Weapons
 U - a +9 broad axe of freezing (weapon)
Missiles
 G - 11 throwing nets (quivered)
Armour
 a - a +2 cloak of poison resistance (worn)
 l - the +9 gold dragon scales of the Armoured One (worn) {rPois rF+ rC+ MR+ Regen+ Int+2 Dex-3 Slay+2}
   (You bought it in a shop on level 3 of the Elven Halls)

   It affects your intelligence (+2).
   It affects your dexterity (-3).
   It affects your accuracy and damage with ranged weapons and melee attacks
   (+2).
   It protects you from fire.
   It protects you from cold.
   It protects you from poison.
   It affects your resistance to hostile enchantments.
   It increases your rate of regeneration.
 o - the +3 pair of gauntlets of War (worn) {Slay+5}
   (You found it on level 4 of the Vaults)

   It affects your accuracy and damage with ranged weapons and melee attacks
   (+5).
 u - the +10 large shield of Ignorance (worn) {rN+ Int-4}
   (You bought it in a shop on level 3 of the Elven Halls)

   It affects your intelligence (-4).
   It protects you from negative energy.
 X - the +0 helmet of Temperance (worn) {Slay+2 SInv}
   (You bought it in a shop on level 2 of the Elven Halls)

   It affects your accuracy and damage with ranged weapons and melee attacks
   (+2).
   It lets you see invisible.
 Y - a +2 pair of boots (worn)
Jewellery
 i - the macabre finger necklace {rN+}
   (You took it off a death knight on level 3 of the Realm of Zot)

   [amulet of nothing]

   It protects you from negative energy.
 k - the ring "Posupn Budo" (left hand) {+Blink MR+ Stlth+}
   (You took it off a servant of whispers in the Desolation of Salt)

   [ring of protection from magic]

   It affects your resistance to hostile enchantments.
   It lets you blink.
   It makes you more stealthy.
 r - an uncursed ring of positive energy
 t - an uncursed ring of resist corrosion
 x - a +4 ring of slaying (right hand)
 C - a cursed ring of loudness {unknown}
 O - an uncursed ring of protection from fire
 P - the amulet of Fupifaab (around neck) {RegenMP rElec Str+4 Stlth-}
   (You bought it in a shop on level 2 of the Orcish Mines)

   [amulet of magic regeneration]

   It increases your magic regeneration.
   It affects your strength (+4).
   It insulates you from electricity.
   It makes you less stealthy.
 Q - the ring of Utioc {rN+ MP+9}
   (You took it off an ironbrand convoker in the Desolation of Salt)

   [ring of magical power]

   It protects you from negative energy.
   It affects your magic capacity (+9).
 T - an uncursed ring of protection from cold
Wands
 w - a wand of digging (10/24)
Scrolls
 d - 34 scrolls of remove curse
 e - 8 scrolls of enchant armour
 f - 8 scrolls of summoning
 g - 5 scrolls of fear
 j - 22 scrolls of identify
 s - 9 scrolls of teleportation
 y - 19 scrolls of recharging
 z - 6 scrolls of magic mapping
 H - 10 scrolls of fog
 I - 7 scrolls of blinking
 M - 2 scrolls of holy word
Potions
 b - 8 potions of heal wounds
 m - 3 potions of magic
 n - 5 potions of cancellation
 v - 10 potions of lignification
 A - 9 potions of curing
 B - a potion of ambrosia
 D - a potion of invisibility
 F - a potion of mutation
 J - 2 potions of might
 N - 2 potions of agility
 S - 5 potions of resistance
Miscellaneous
 R - 4 phantom mirrors
 V - 4 sacks of spiders
Comestibles
 c - 29 bread rations
 h - 10 royal jellies
 p - 33 meat rations
 q - 5 chunks of flesh


   Skills:
 O Level 27 Fighting
 - Level 19.0 Axes
 + Level 22.8 Armour
 + Level 16.7 Dodging
 - Level 1.7 Stealth
 + Level 26.2 Shields
 - Level 2.1 Spellcasting
 - Level 4.3 Conjurations
 O Level 27 Invocations


You had 29 spell levels left.
You knew the following spells:

 Your Spells              Type           Power        Failure   Level  Hunger
a - Magic Dart            Conj           ####         6%          1    None


Dungeon Overview and Level Annotations

Branches:
Dungeon (15/15)            Temple (1/1) D:6            Lair (6/6) D:10
 Shoals (4/4) Lair:3        Snake (4/4) Lair:4        Slime (0/5) Lair:5
    Orc (2/2) D:9             Elf (3/3) Orc:2        Vaults (5/5) D:13
  Crypt (3/3) Vaults:3       Tomb (0/3) Crypt:3      Depths (5/5) D:15
    Zot (5/5) Depths:5

Altars:
Ashenzari
Cheibriados
Dithmenos
Elyvilon
Fedhas
Gozag
Hepliaklqana
Kikubaaqudgha
Makhleb
Nemelex Xobeh
Okawaru
Qazlal
Ru
Sif Muna
Trog
Uskayaw
Vehumet
Xom
Yredelemnul
Zin
The Shining One
Beogh
Jiyva

Shops:
D:12 %   D:13 *   Orc:2 =*:   Elf:2 [:}}=   Elf:3 [[}*[   Shoals:2 }
Snake:2 [   Snake:4 (   Vaults:1 %}   Depths:1 [   Depths:2 [

Portals:
Hell: Depths:1 Depths:2 Depths:3 Depths:4 Depths:5
Abyss: Depths:3 Depths:4 Depths:5
Pandemonium: Depths:3
Ziggurat: Depths:5
Trove: Elf:3 (give +3 gold dragon scales)


Innate Abilities, Weirdness & Mutations

Shadows flee at your approach. (+LOS)
You can swim through water.
You cover ground slowly.
You can hop longer distances.
You are clumsy. (Dex -2)
Your flesh is cold resistant. (rC+)
Armour fits poorly on your strangely shaped body.
Your body sometimes deteriorates upon taking damage.


Message History

No target in view!
You start resting.
An orb of fire comes into view.
You found a Zot trap!
The orb of fire glows deep purple.
The fireball explodes!
The fireball engulfs you! You resist.
Your body deteriorates!
You feel weakened.
The orb of fire glows deep purple.
The fireball explodes!
The fireball engulfs you! You resist.
The orb of fire glows yellow.
The bolt of fire hits you! You resist.
* * * LOW HITPOINT WARNING * * *
Your body deteriorates!
You feel dopey.
The orb of fire emits a lurid red light.
The fireball explodes!
The fireball engulfs you! You resist.
* * * LOW HITPOINT WARNING * * *
The fireball engulfs the orb of fire.
The orb of fire completely resists.
The orb of fire glows deep purple.
The fireball explodes!
The fireball engulfs you! You resist.
You die...

#▓▓▓▓▓▓#▓#▓▓##.....▓▓
....^........▓▓
..............▓▓
...............▓▓
................▓
................▓
...............▓▓
..........^...▓▓
.......*@....▓▓
..............▓▓
...............▓
................▓
................▓
...............▓▓
..............▓▓
...........▓▓▓▓
▓▓▓▓▓▓▓▓▓▓▓▓


You could see an orb of fire.

Vanquished Creatures
  4 orbs of fire
  Khufu (Vaults:3)
  A juggernaut (Depths:5)
  Mennas (Depths:3)
  Mara (Elf:3)
  9 ancient liches
  A greater mummy (Crypt:1)
  2 caustic shrikes (Depths:5)
  Saint Roka (Vaults:1)
  5 Killer Klowns
  Vashnia (Snake:2)
  Nikola (Elf:3)
  2 curse toes
  Jory (Vaults:2)
  10 golden dragons
  A bone dragon (Crypt:3)
  A profane servitor (Crypt:3)
  Jorgrun (Elf:3)
  4 electric golems
  6 liches
  An Ice Fiend (IceCv)
  Asterion (Vaults:2)
  10 Orb Guardians (Zot:5)
  18 tentacled monstrosities
  3 titans (Vaults:5)
  11 quicksilver dragons
  4 deep elf blademasters
  A deep elf master archer (Elf:3)
  5 death cobs
  Polyphemus (Shoals:2)
  10 sphinxes
  A tentacled starspawn (Abyss:2)
  6 ancient champions
  8 draconian monks
  9 tengu reavers
  3 revenants
  17 storm dragons
  17 shadow dragons
  Agnes (Snake:4)
  Ilsuiw (Shoals:4)
  10 draconian scorchers
  Aizul (Shoals:4)
  8 nagarajas
  An azure jelly (Elf:2)
  18 vault wardens
  9 fire giants
  Louise (Shoals:1)
  5 deep elf sorcerers
  5 draconian knights
  An orc warlord (Vaults:5)
  The ghost of Squip the Thaumaturge, an adept DECj of Hepliaklqana (Elf:3)
  An iron dragon (Depths:5)
  4 draconian shifters
  14 frost giants
  2 imperial myrmidons (Desolation)
  An emperor scorpion (shapeshifter) (Vaults:5)
  5 draconian stormcallers
  20 ghouls
  6 ghost moths
  3 curse skulls
  3 deep elf elementalists (Elf:3)
  13 draconian annihilators
  4 war gargoyles (Vaults:5)
  2 spriggan defenders
  40 stone giants
  19 ironheart preservers
  An entropy weaver (shapeshifter) (Depths:5)
  6 entropy weavers
  41 very ugly things
  18 black draconians
  16 green draconians
  2 green draconians (shapeshifter) (Zot:3)
  A halazid warlock (Desolation)
  14 deep elf annihilators
  6 vampire knights
  2 black draconians (shapeshifter) (Zot:3)
  11 purple draconians
  9 white draconians
  11 deep elf demonologists
  2 spark wasps
  A purple draconian (shapeshifter) (Zot:3)
  14 red draconians
  13 yellow draconians
  11 merfolk impalers
  6 merfolk javelineers
  26 ettins
  5 crystal guardians
  9 deep elf death magi
  22 fire dragons
  5 eidola
  The ghost of faustus the Carver, a journeyman HuFi of Yredelemnul (D:12)
  A minotaur (Lab)
  26 jiangshi
  13 great orbs of eyes
  A spectral quicksilver dragon (Crypt:3)
  A mummy priest (Depths:1)
  7 ragged hierophants (Desolation)
  24 yaktaur captains
  29 ogre magi
  Fannar (Lair:3)
  8 deep elf high priests
  6 peacekeepers (Desolation)
  12 hydras
  9 spriggan air magi
  7 servants of whispers (Desolation)
  Harold (Lair:3)
  20 ice dragons
  31 vault guards
  11 rakshasas
  20 centaur warriors
  14 death knights
  4 catoblepae
  A hell beast (Depths:3)
  3 merfolk avatars
  16 naga warriors
  2 alligator snapping turtles
  2 two-headed ogres (shapeshifter)
  7 merfolk aquamancers
  2 satyrs
  12 anacondas
  A death yak (shapeshifter) (Depths:5)
  7 orc high priests
  7 tengu warriors
  31 dancing weapons
  5 deep troll shamans
  60 two-headed ogres
  17 death yaks
  6 spriggan berserkers
  A shock serpent (shapeshifter) (Depths:5)
  5 deep troll earth magi
  2 hell hogs (Depths:4)
  4 shock serpents
  Urug (Lair:4)
  13 vampire magi
  6 small abominations
  3 spriggans
  A titan zombie (Crypt:1)
  A sun demon (Depths:1)
  18 naga sharpshooters
  6 hell knights
  2 fire crabs (shapeshifter)
  19 deep elf knights
  42 skeletal warriors
  3 soul eaters
  11 sea snakes
  3 iron trolls (Depths:1)
  7 shadow wraiths
  2 salamander mystics
  2 titan skeletons (Crypt:1)
  An anaconda zombie (Crypt:1)
  An unseen horror (shapeshifter) (Vaults:5)
  22 deep trolls
  7 wizards
  6 unseen horrors
  10 flayed ghosts
  4 naga ritualists
  A swamp dragon (Zot:1)
  28 deep elf archers
  4 glowing orange brains
  A lindwurm (shapeshifter) (Depths:3)
  29 ironbrand convokers
  7 necromancers
  23 phantasmal warriors
  17 orc knights
  2 harpies (shapeshifter)
  77 deep elf magi
  27 harpies
  An iron dragon zombie (Crypt:1)
  2 orb spiders (Zot:3)
  5 salamanders
  6 wolf spiders
  7 mana vipers
  58 ugly things
  6 orc sorcerers
  A cyclops (shapeshifter) (Vaults:4)
  7 cyclopes
  A fire giant zombie (Crypt:1)
  14 manticores
  A manticore (shapeshifter) (Vaults:5)
  3 oklob plants (Lair:4)
  7 fauns
  A moth of wrath (shapeshifter) (Elf:3)
  8 merfolk sirens
  2 worldbinders (Abyss:3)
  22 moths of wrath
  22 elephants
  16 guardian serpents
  A centaur zombie (D:15)
  29 naga magi
  A titan simulacrum (Crypt:3)
  26 black mambas
  An iron dragon skeleton (Crypt:1)
  24 vault sentinels
  A smoke demon (Depths:3)
  5 water nymphs
  An orc skeleton (Vaults:1)
  3 ice statues (IceCv)
  20 spiny frogs
  An orange demon (Depths:3)
  A torpor snail (Lair:4)
  2 gargoyles (D:15)
  An eye of devastation (shapeshifter) (Depths:5)
  A hellion (Depths:1)
  19 freezing wraiths
  5 kobold demonologists
  3 spiny frogs (shapeshifter)
  A komodo dragon (shapeshifter) (Vaults:1)
  79 yaktaurs
  A golden dragon simulacrum (IceCv)
  2 rime drakes
  13 ice devils (IceCv)
  10 komodo dragons
  An anaconda simulacrum (IceCv)
  A tengu conjurer (Depths:2)
  A queen bee (shapeshifter) (Elf:3)
  2 hellwings
  A death drake zombie (Crypt:1)
  A red devil (Depths:3)
  A polar bear (shapeshifter) (D:12)
  A troll (shapeshifter) (Depths:3)
  14 trolls
  3 meliai (D:15)
  6 harpy zombies
  An iron troll skeleton (Crypt:1)
  22 merfolk
  4 wind drakes
  A jumping spider (Vaults:3)
  A wolf spider simulacrum (Vaults:1)
  A polar bear (Lair:6)
  33 blink frogs
  42 slime creatures
  A raiju (shapeshifter) (Depths:5)
  12 hippogriffs
  A raiju (Zot:3)
  8 hornets
  57 saltlings
  4 bog bodies
  6 snapping turtles
  An ice dragon zombie (Crypt:1)
  A frost giant simulacrum (Crypt:1)
  2 ettin zombies
  The ghost of Alphaeus the Shield-Bearer, an amateur GrFi (D:6)
  A stone giant simulacrum (Vaults:1)
  A redback (shapeshifter) (Vaults:4)
  2 fire giant simulacra (Crypt:1)
  55 flying skulls
  An ettin skeleton (Crypt:1)
  3 redbacks
  A spriggan (shapeshifter) (Depths:5)
  10 air elementals
  A tarantella (Vaults:4)
  Sigmund (D:3)
  2 vampires
  17 water elementals
  4 shadows
  53 yaks
  19 wraiths
  10 wyverns
  A basilisk (shapeshifter) (Vaults:1)
  A hungry ghost (D:15)
  5 fire elementals
  A basilisk (D:10)
  3 hogs (D:8)
  5 vampire mosquitoes
  The ghost of MagicManICT the Poker, an amateur FoGl of Ru (D:3)
  A human (D:8)
  A human simulacrum (Vaults:2)
  A yaktaur simulacrum (Vaults:1)
  A steam dragon (D:12)
  2 ogre zombies
  36 nagas
  A two-headed ogre zombie (Crypt:2)
  4 harpy simulacra (IceCv)
  A warg (shapeshifter) (Vaults:5)
  A deep troll zombie (Vaults:1)
  A swamp worm (shapeshifter) (Zot:3)
  3 acid dragons
  A water moccasin (shapeshifter) (Depths:4)
  9 wargs
  A glowing shapeshifter zombie (Crypt:2)
  9 hell hounds
  3 hydra simulacra (IceCv)
  A floating eye (shapeshifter) (Vaults:5)
  20 water moccasins
  13 porcupines
  2 floating eyes
  6 phantoms
  4 ice beasts
  A black bear (D:7)
  65 ogres
  7 sky beasts
  An eye of draining (shapeshifter) (Depths:2)
  77 orc warriors
  2 hornet zombies
  2 ettin simulacra
  6 necrophages
  An ogre (shapeshifter) (Depths:5)
  8 boggarts
  34 wolves
  20 crocodiles
  32 centaurs
  A salamander zombie (Crypt:2)
  4 big kobolds
  31 bullfrogs
  A wyvern zombie (D:12)
  A deep troll simulacrum (Vaults:1)
  A glowing shapeshifter simulacrum (Vaults:2)
  4 earth elementals
  2 wyvern skeletons
  A scorpion (D:7)
  A queen bee zombie (Crypt:2)
  14 killer bees
  An elf simulacrum (Vaults:1)
  A killer bee (shapeshifter) (Vaults:4)
  18 wights
  A howler monkey (shapeshifter) (Vaults:5)
  2 electric eels (Elf:1)
  3 howler monkeys
  9 crimson imps
  3 bullfrog zombies
  7 hounds
  3 quasits
  A human zombie (Crypt:1)
  7 centaur skeletons
  4 jellies
  30 orc wizards
  2 iron imps (Depths:3)
  52 orc priests
  4 bullfrog skeletons
  6 iguanas
  15 hell rats
  11 worker ants
  2 hound zombies
  A naga skeleton (Crypt:1)
  2 hound skeletons
  2 mummies (Crypt:1)
  A worker ant zombie (D:7)
  A howler monkey skeleton (D:8)
  17 adders
  4 gnolls
  7 river rats (Lair:1)
  5 shadow imps
  A white imp (Depths:3)
  2 ufetubi (Depths:3)
  2 oozes
  An adder zombie (D:5)
  2 adder skeletons
  A worm (shapeshifter) (Depths:5)
  A barachi skeleton (Crypt:1)
  3 leopard geckos
  164 orcs
  3 ball pythons
  3 giant cockroaches
  5 hobgoblins
  2 jackals (D:10)
  13 kobolds
  16 quokkas
  4 bats
  3 frilled lizards
  3 goblins
  A jackal skeleton (D:8)
  A jackal zombie (D:8)
  A kobold skeleton (Crypt:2)
  A quokka skeleton (Crypt:2)
  19 rats
  A rat skeleton (Crypt:2)
  A river rat skeleton (Crypt:1)
  A butterfly (Zot:3)
  3 crawling corpses
  4 fungi
  15 plants
3284 creatures vanquished.

Vanquished Creatures (collateral kills)
  An adder (D:10)
1 creature vanquished.

Vanquished Creatures (others)
  A deep elf master archer (Elf:3)
  A ghost moth (Zot:3)
  A vampire knight (Depths:4)
  A deep elf demonologist (Elf:3)
  A deep elf high priest (Elf:3)
  An ogre mage (Vaults:2)
  2 moths of wrath (Zot:5)
  A naga mage (Snake:4)
  4 yaktaurs
  A merfolk (Shoals:3)
  2 nagas
  An ogre (Vaults:5)
  2 boggarts
  2 orcs
  14 fungi
  14 plants
  2 starspawn tentacles (Abyss:2)
51 creatures vanquished.

Grand Total: 3336 creatures vanquished

Notes
Turn   | Place    | Note
-------+----------+-------------------------------------------
     0 | D:1      | Blomdor the Barachi Conjurer began the quest for the Orb.
     0 | D:1      | Reached XP level 1. HP: 13/13 MP: 3/3
     7 | D:1      | Noticed a salamander
     7 | D:1      | Noticed a polar bear
     7 | D:1      | Noticed a swamp worm
    71 | D:1      | Reached skill level 1 in Fighting
   214 | D:1      | Reached XP level 2. HP: 16/22 MP: 0/5
   959 | D:2      | Reached XP level 3. HP: 27/29 MP: 2/6
   991 | D:2      | Reached skill level 1 in Axes
  1626 | D:3      | Reached XP level 4. HP: 35/35 MP: 7/7
  1681 | D:3      | Noticed Sigmund
  1918 | D:4      | Reached XP level 5. HP: 22/41 MP: 8/8
  2339 | D:4      | Reached skill level 5 in Axes
  2365 | D:4      | Reached XP level 6. HP: 39/47 MP: 9/9
  3041 | D:4      | Got an ancient robe
  3052 | D:4      | Identified the +1 robe of Omaecias {MR+} (You found it on level 4 of the Dungeon)
  3093 | D:4      | Got a fine robe
  3104 | D:4      | Identified the +2 robe "Boiloat" {rElec Regen+ Str+2 Stlth+} (You found it on level 4 of the Dungeon)
  3192 | D:3      | Killed Sigmund
  3192 | D:3      | Reached XP level 7. HP: 22/53 MP: 10/10
  3508 | D:3      | Noticed MagicManICT's ghost (amateur FoGl)
  3520 | D:3      | Killed MagicManICT's ghost
  3754 | D:5      | Entered Level 5 of the Dungeon
  4015 | D:5      | Reached skill level 5 in Fighting
  4015 | D:5      | Reached XP level 8. HP: 46/62 MP: 11/11
  4873 | D:6      | Reached skill level 5 in Armour
  5016 | D:6      | Noticed Alphaeus's ghost (amateur GrFi)
  5027 | D:6      | Killed Alphaeus's ghost
  5078 | D:6      | Reached XP level 9. HP: 66/71 MP: 12/12
  5221 | D:6      | Found a staircase to the Ecumenical Temple.
  6008 | Temple   | Entered the Ecumenical Temple
  6096 | Temple   | Became a worshipper of Cheibriados the Contemplative
  6109 | D:6      | Reached skill level 10 in Axes
  6715 | D:7      | Reached * piety under Cheibriados
  6810 | D:7      | Reached XP level 10. HP: 76/80 MP: 13/13
  7987 | D:8      | Reached ** piety under Cheibriados
  8315 | D:8      | Reached skill level 5 in Dodging
  8794 | D:9      | Reached *** piety under Cheibriados
  8973 | D:9      | Found a staircase to the Orcish Mines.
  8983 | D:9      | Reached XP level 11. HP: 56/89 MP: 14/14
 10074 | D:9      | Reached **** piety under Cheibriados
 10381 | Orc:1    | Entered Level 1 of the Orcish Mines
 11208 | D:10     | Entered Level 10 of the Dungeon
 11275 | D:10     | Reached ***** piety under Cheibriados
 11494 | D:10     | Found a staircase to the Lair.
 11501 | D:10     | Reached skill level 10 in Fighting
 11564 | D:10     | Killed an unseen horror
 11958 | Lair:1   | Entered Level 1 of the Lair of Beasts
 12167 | Lair:1   | Reached skill level 10 in Armour
 12438 | Lair:1   | Reached XP level 12. HP: 78/98 MP: 15/15
 12496 | Lair:1   | Noticed a six-headed hydra
 12508 | Lair:1   | Killed a six-headed hydra
 12908 | Lair:1   | Reached ****** piety under Cheibriados
 13504 | Lair:2   | Found a labyrinth entrance.
 13509 | Lab      | Entered a labyrinth
 13663 | Lab      | Noticed a minotaur
 13675 | Lab      | Killed a minotaur
 13675 | Lab      | Reached skill level 1 in Shields
 13678 | Lab      | Got a crude arbalest
 13686 | Lab      | Identified the +1 arbalest "Unykh" {elec, *Slow rN+++ Str-3 Stlth+} (You took it off a minotaur in a labyrinth)
 14291 | Lair:2   | Noticed a five-headed hydra
 15189 | Lair:2   | Killed a five-headed hydra
 15793 | Lair:3   | Reached skill level 15 in Axes
 15891 | Lair:3   | Found a staircase to the Shoals.
 15895 | Lair:3   | Noticed Fannar
 15916 | Lair:3   | Killed Fannar
 15916 | Lair:3   | Gained mutation: You can hop longer distances. [Barachi growth]
 15916 | Lair:3   | Reached XP level 13. HP: 106/106 MP: 16/16
 15943 | Lair:3   | Noticed Harold
 15985 | Lair:3   | Killed Harold
 16252 | Lair:3   | Reached skill level 5 in Shields
 17122 | Lair:4   | Found a staircase to the Snake Pit.
 17571 | Lair:4   | Noticed Urug
 17580 | Lair:4   | Killed Urug
 17865 | Lair:4   | Reached XP level 14. HP: 32/116 MP: 17/17
 18560 | Lair:5   | Found a staircase to the Slime Pits.
 18560 | Lair:5   | Found a viscous altar of Jiyva.
 18961 | Lair:6   | Entered Level 6 of the Lair of Beasts
 19508 | Lair:6   | HP: 4/118 [death yak (13)]
 20498 | Lair:6   | Reached XP level 15. HP: 50/125 MP: 18/18
 22560 | Orc:2    | Entered Level 2 of the Orcish Mines
 22570 | Orc:2    | Found a roughly hewn altar of Beogh.
 22612 | Orc:2    | Paralysed by an orc sorcerer for 5 turns
 22638 | Orc:2    | Paralysed by an orc sorcerer for 4 turns
 22767 | Orc:2    | Found a staircase to the Elven Halls.
 22985 | Orc:2    | Found Oneikh's Jewellery Boutique.
 22985 | Orc:2    | Found Duhiavise's Assorted Antiques.
 23291 | Orc:2    | Reached skill level 1 in Invocations
 23504 | Orc:2    | HP: 1/126 [orc knight/great sword (18)]
 24287 | Orc:2    | Found Byosol's Magic Scroll Boutique.
 24288 | Orc:2    | Found Lagotea's Book Shop.
 24302 | Orc:2    | Bought the amulet of Fupifaab {RegenMP rElec Str+4 Stlth-} for 612 gold pieces
 24500 | Orc:2    | Bought 2 potions of mutation for 480 gold pieces
 24500 | Orc:2    | Bought a shiny helmet for 225 gold pieces
 24500 | Orc:2    | Bought a scroll of teleportation for 90 gold pieces
 24522 | Orc:2    | Gained mutation: You are agile. (Dex +2) [potion of mutation]
 24522 | Orc:2    | Gained mutation: You are dopey. (Int -2) [potion of mutation]
 24522 | Orc:2    | Gained mutation: Your flesh is heat resistant. (rF+) [potion of mutation]
 25049 | D:9      | Reached skill level 10 in Shields
 25889 | D:12     | Noticed faustus's ghost (journeyman HuFi)
 25904 | D:12     | Killed faustus's ghost
 25913 | D:12     | Reached XP level 16. HP: 89/134 MP: 19/19
 26367 | D:12     | Found Duti's Food Shop.
 27133 | D:13     | Reached skill level 15 in Fighting
 27157 | D:13     | Found Loohecow's Assorted Antiques.
 27167 | D:13     | Bought a scroll labeled KAOHUCZ VIHORR for 24 gold pieces
 27167 | D:13     | Bought a scroll labeled YMMEANIQOSO for 24 gold pieces
 27570 | D:13     | Found a gate to the Vaults.
 28063 | D:14     | Found a shattered altar of Ashenzari.
 28443 | D:14     | Found a shadowy altar of Dithmenos.
 28803 | D:15     | Entered Level 15 of the Dungeon
 28815 | D:15     | Reached skill level 5 in Invocations
 29861 | D:15     | Found a staircase to the Depths.
 30472 | Snake:1  | Entered Level 1 of the Snake Pit
 30895 | Elf:1    | Entered Level 1 of the Elven Halls
 30913 | Elf:1    | Reached XP level 17. HP: 105/144 MP: 21/21
 31347 | Elf:1    | Found a ruined gateway.
 31376 | Desolati | Entered the Desolation of Salt
 32035 | Desolati | HP: 6/145 [imperial myrmidon/double sword (4)]
 32048 | Desolati | HP: 4/145 [peacekeeper (9)]
 32886 | Desolati | Got a jewelled chain mail
 32886 | Desolati | Got a slimy bronze ring
 32887 | Desolati | Identified the +6 chain mail "Kualasm" {rPois Slay-3 SInv} (You took it off a servant of whispers in the Desolation of Salt)
 32889 | Desolati | Identified the ring "Posupn Budo" {+Blink MR+ Stlth+} (You took it off a servant of whispers in the Desolation of Salt)
 32959 | Desolati | Got a faintly glowing ruby amulet
 32960 | Desolati | Identified the amulet "Xoipaggi" {Gourm MR++ Str-4} (You found it in the Desolation of Salt)
 33011 | Desolati | Got a pitted war axe
 33012 | Desolati | Identified the +10 war axe of Death's Door {elec, *Drain rElec rN++ Dex+2} (You found it in the Desolation of Salt)
 33035 | Desolati | Got a twitching steel ring
 33368 | Desolati | Got a pair of pitted boots
 33369 | Desolati | Identified the cursed -6 pair of boots "Eskim" {Dex+3} (You found it in the Desolation of Salt)
 35060 | Elf:1    | Reached XP level 18. HP: 155/155 MP: 24/24
 35061 | Elf:1    | Identified the ring of Utioc {rN+ MP+9} (You took it off an ironbrand convoker in the Desolation of Salt)
 35572 | Elf:2    | Found Ibieff's Book Shoppe.
 35593 | Elf:2    | Found Leedead's Armour Boutique.
 35614 | Elf:2    | Bought the +0 helmet of Temperance {Slay+2 SInv} for 265 gold pieces
 35614 | Elf:2    | Bought the +1 chain mail of the Will of the Gods {Dex+8} for 366 gold pieces
 35614 | Elf:2    | Bought the cursed +0 pair of gloves "Olottuuxe" {Dex+2} for 139 gold pieces
 35715 | Elf:2    | Found a frozen archway.
 35740 | IceCv    | Entered an ice cave
 36041 | IceCv    | Noticed an Ice Fiend
 36052 | IceCv    | Killed an Ice Fiend
 36052 | IceCv    | Reached skill level 10 in Invocations
 36733 | Elf:2    | Found a runed gate.
 36733 | Elf:2    | Found a runed gate.
 36816 | Elf:2    | Found a runed gate.
 37126 | Elf:2    | Found Wierr's Gadget Shoppe.
 37128 | Elf:2    | Found Farul's Jewellery Shop.
 37129 | Elf:2    | Found Vieg's Gadget Shoppe.
 37246 | Elf:2    | Gained mutation: You are very dopey. (Int -4) [a neqoxec]
 37272 | Elf:2    | Got a spiked leather armour
 37283 | Elf:2    | Identified the +2 leather armour "Tiott" {rPois Int-5 Slay+3} (You found it on level 2 of the Elven Halls)
 37484 | D:10     | Got a brightly glowing leather armour
 37495 | D:10     | Identified the +1 leather armour "Elewn" {rF++} (You found it on level 10 of the Dungeon)
 37801 | Snake:1  | Reached skill level 15 in Shields
 38356 | Snake:2  | Reached XP level 19. HP: 123/165 MP: 27/27
 38489 | Snake:2  | Found Emebif's Armour Emporium.
 39469 | Snake:2  | Noticed Vashnia
 39488 | Snake:2  | Killed Vashnia
 41111 | Snake:4  | Entered Level 4 of the Snake Pit
 41190 | Snake:3  | HP: 8/167 [naga warrior/flail (3)]
 42143 | Snake:4  | Found Kuhagrat's Weapon Shop.
 42144 | Snake:4  | Noticed Agnes
 42150 | Snake:4  | Killed Agnes
 43172 | Snake:4  | Got a serpentine rune of Zot
 43819 | Elf:2    | Reached XP level 20. HP: 138/176 MP: 29/29
 43831 | Elf:2    | Reached skill level 15 in Armour
 44579 | Elf:3    | Entered Level 3 of the Elven Halls
 44692 | Elf:3    | Noticed Jorgrun
 44707 | Elf:3    | Killed Jorgrun
 44715 | Elf:3    | Noticed Squip's ghost (adept DECj)
 44728 | Elf:3    | Killed Squip's ghost
 45017 | Elf:3    | Found a portal to a secret trove of treasure.
 45044 | Elf:3    | Found Vyprogh's Antique Armour Emporium.
 45050 | Elf:3    | Bought a steaming plate armour for 868 gold pieces
 45070 | Elf:3    | Identified the +7 plate armour of Etwyast {+Blink rElec Str-5} (You bought it in a shop on level 3 of the Elven Halls)
 45127 | Elf:3    | Noticed Mara
 45137 | Elf:3    | Noticed Blomdor's illusion
 45165 | Elf:3    | Found Sustragih's Armour Shoppe.
 45748 | Vaults:1 | Entered Level 1 of the Vaults
 45820 | Vaults:1 | Found a white marble altar of Elyvilon.
 45850 | Vaults:1 | Got a faintly glowing cloak
 45851 | Vaults:1 | Identified the +2 cloak of Lilacs {rN+ MP+9 Int+4 Dex+3} (You found it on level 1 of the Vaults)
 46109 | Vaults:1 | Noticed Saint Roka
 46814 | Vaults:1 | HP: 3/267 [Saint Roka/divine providence (15)]
 46818 | Vaults:1 | Killed Saint Roka
 46818 | Vaults:1 | Reached XP level 21. HP: 7/184 MP: 30/30
 47389 | Vaults:1 | Found Kaohun's Food Emporium.
 47421 | Vaults:1 | Found Jetzumua's Gadget Shop.
 47516 | Vaults:1 | HP: 6/184 [ogre mage/bolt of poison[an ironheart preserver] (7)]
 47522 | Vaults:1 | HP: 7/184 [poisoned by an ogre mage]
 50506 | Vaults:2 | Noticed Asterion
 50524 | Vaults:2 | Killed Asterion
 50524 | Vaults:2 | Reached XP level 22. HP: 185/194 MP: 32/32
 50715 | Vaults:2 | Noticed Jory
 50745 | Vaults:2 | Killed Jory
 51607 | Vaults:3 | Found a staircase to the Crypt.
 51607 | Vaults:3 | Found an ancient bone altar of Kikubaaqudgha.
 51607 | Vaults:3 | Found a basalt altar of Yredelemnul.
 51616 | Crypt:1  | Entered Level 1 of the Crypt
 52682 | Crypt:1  | Noticed a greater mummy
 52683 | Crypt:1  | Noticed Khufu
 53752 | Vaults:3 | Reached skill level 10 in Dodging
 53768 | Vaults:3 | Reached XP level 23. HP: 145/203 MP: 33/33
 54215 | Vaults:3 | Cast into level 2 of the Abyss (a wizard)
 54273 | Vaults:3 | Escaped the Abyss
 55393 | Vaults:4 | Identified a scroll of acquirement
 56053 | Vaults:4 | Paralysed by a sphinx for 6 turns
 57157 | Vaults:3 | Killed Khufu
 57157 | Vaults:3 | Reached XP level 24. HP: 186/213 MP: 33/33
 57254 | Crypt:1  | Killed a greater mummy
 58646 | Crypt:3  | Entered Level 3 of the Crypt
 58755 | Crypt:3  | Found an ancient bone altar of Kikubaaqudgha.
 58981 | Crypt:3  | Paralysed by a lich for 6 turns
 59043 | Crypt:3  | Noticed an ancient lich
 59057 | Crypt:3  | Found a staircase to the Tomb.
 59466 | Crypt:3  | Reached XP level 25. HP: 36/223 MP: 33/33
 59954 | Crypt:3  | Killed an ancient lich
 60409 | Crypt:3  | Cast into level 3 of the Abyss (a lich)
 60484 | Crypt:3  | Escaped the Abyss
 61127 | Elf:3    | Bought the +9 gold dragon scales of the Armoured One {rPois rF+ rC+ MR+ Regen+ Int+2 Dex-3 Slay+2} for 2314 gold pieces
 61161 | Elf:3    | Found Paamacota's Gadget Emporium.
 61421 | Elf:3    | Found Kadeupim's Assorted Antiques.
 61427 | Elf:3    | Bought 2 scrolls of enchant weapon for 615 gold pieces
 61460 | Elf:3    | Found Gywkuc's Antique Armour Shop.
 61601 | Elf:3    | Noticed Nikola
 61628 | Elf:3    | Killed Nikola
 61692 | Elf:3    | Got a scintillating glass ring
 61776 | Elf:3    | Got a pair of heavily runed gloves
 61778 | Elf:3    | Got a coiled glass ring
 61885 | Elf:3    | Identified the ring of Qunorad {-Tele rElec Str+3 Stlth+} (You took it off a deep elf annihilator on level 3 of the Elven Halls)
 61887 | Elf:3    | Identified the ring of the Thirsty Runes {rElec MP+9} (You took it off a deep elf blademaster on level 3 of the Elven Halls)
 61889 | Elf:3    | Identified the +0 pair of gloves "Ziesipne" {Str+2 Int+4} (You found it on level 3 of the Elven Halls)
 61966 | Elf:3    | Killed Mara
 62159 | Shoals:1 | Entered Level 1 of the Shoals
 62441 | Shoals:1 | Noticed Louise
 62459 | Shoals:1 | Killed Louise
 62712 | Shoals:1 | Reached skill level 15 in Dodging
 62849 | Shoals:2 | Noticed Polyphemus
 62860 | Shoals:2 | Killed Polyphemus
 63078 | Shoals:2 | Found Ypyd Sirch's Gadget Emporium.
 64085 | Shoals:4 | Entered Level 4 of the Shoals
 64085 | Shoals:4 | Noticed Aizul
 64092 | Shoals:4 | Killed Aizul
 64284 | Shoals:4 | Reached XP level 26. HP: 203/233 MP: 33/33
 64366 | Shoals:4 | Noticed Ilsuiw
 64383 | Shoals:4 | Killed Ilsuiw
 64925 | Shoals:4 | Got a barnacled rune of Zot
 65290 | Depths:1 | Entered Level 1 of the Depths
 65449 | Depths:1 | Found Ilicw's Armour Shop.
 65636 | Depths:1 | Found a deep blue altar of Sif Muna.
 65656 | Depths:1 | Reached skill level 15 in Invocations
 66051 | Depths:1 | Found a gateway to Hell.
 66907 | Depths:2 | Found Ryemave's Armour Emporium.
 66944 | Depths:2 | Reached XP level 27. HP: 240/240 MP: 35/35
 67747 | Elf:3    | Bought the +10 large shield of Ignorance {rN+ Int-4} for 1547 gold pieces
 68121 | Vaults:5 | Entered Level 5 of the Vaults
 68711 | Vaults:5 | Got an ancient platinum ring
 68738 | Vaults:5 | Noticed an ancient lich
 68754 | Vaults:5 | Killed an ancient lich
 69129 | Vaults:5 | Got a silver rune of Zot
 70004 | Vaults:5 | Identified the ring "Miment" {+Fly rPois rC+ SInv} (You found it on level 5 of the Vaults)
 70478 | Depths:3 | Noticed Mennas
 70507 | Depths:3 | Killed Mennas
 70627 | Depths:3 | Found a one-way gate to the infinite horrors of the Abyss.
 70751 | Depths:3 | Found a one-way gate leading to the halls of Pandemonium.
 72158 | Depths:4 | Paralysed by a floating eye for 3 turns
 72450 | Depths:5 | Entered Level 5 of the Depths
 72843 | Depths:5 | Found a gateway to a ziggurat.
 72909 | Depths:5 | Noticed a juggernaut
 72915 | Depths:5 | Killed a juggernaut
 72996 | Depths:5 | Got a bloodstained helmet
 72997 | Depths:5 | Identified the +0 helmet of Free Expression {*Contam rC++ Int+6} (You found it on level 5 of the Depths)
 73161 | Depths:5 | Found a gate to the Realm of Zot.
 73467 | Zot:1    | Entered Level 1 of the Realm of Zot
 75108 | Zot:2    | Noticed an orb of fire
 75119 | Zot:2    | Killed an orb of fire
 76621 | Zot:3    | Found a basalt altar of Yredelemnul.
 77416 | Zot:4    | Reached skill level 27 in Invocations
 77648 | Zot:5    | Entered Level 5 of the Realm of Zot
 78026 | Zot:5    | Noticed an ancient lich
 78033 | Zot:5    | Killed an ancient lich
 78095 | Zot:5    | Noticed an orb of fire
 78099 | Zot:5    | Noticed an ancient lich
 78099 | Zot:5    | Noticed an ancient lich
 78101 | Zot:5    | Killed an orb of fire
 78101 | Zot:5    | Reached skill level 27 in Fighting
 78105 | Zot:5    | Killed an ancient lich
 78110 | Zot:5    | Noticed an ancient lich
 78115 | Zot:5    | Noticed an ancient lich
 78123 | Zot:5    | Killed an ancient lich
 78125 | Zot:5    | Noticed an orb of fire
 78130 | Zot:5    | Killed an ancient lich
 78133 | Zot:5    | Killed an ancient lich
 78133 | Zot:5    | Gained mutation: Armour fits poorly on your strangely shaped body. [an orb of fire]
 78134 | Zot:5    | Gained mutation: You tend to lose your temper in combat. [an orb of fire]
 78143 | Zot:5    | Gained mutation: You are weak. (Str -2) [an orb of fire]
 78144 | Zot:5    | Gained mutation: You have a pair of small antennae on your head. [an orb of fire]
 78145 | Zot:5    | Killed an orb of fire
 78258 | Zot:5    | Lost mutation: You are agile. (Dex +2) [potion of mutation]
 78258 | Zot:5    | Lost mutation: Armour fits poorly on your strangely shaped body. [potion of mutation]
 78258 | Zot:5    | Lost mutation: You are very dopey. (Int -4) [potion of mutation]
 78258 | Zot:5    | Lost mutation: You have a pair of small antennae on your head. [potion of mutation]
 78258 | Zot:5    | Gained mutation: You are robust. (+10% HP) [potion of mutation]
 78258 | Zot:5    | Gained mutation: You occasionally shout uncontrollably at your foes. [potion of mutation]
 78258 | Zot:5    | Gained mutation: You have an increased reservoir of magic. (+10% MP) [potion of mutation]
 78259 | Zot:5    | Lost mutation: You tend to lose your temper in combat. [potion of mutation]
 78259 | Zot:5    | Lost mutation: You are dopey. (Int -2) [potion of mutation]
 78259 | Zot:5    | Lost mutation: Your flesh is heat resistant. (rF+) [potion of mutation]
 78259 | Zot:5    | Lost mutation: You are robust. (+10% HP) [potion of mutation]
 78259 | Zot:5    | Lost mutation: You occasionally shout uncontrollably at your foes. [potion of mutation]
 78259 | Zot:5    | Gained mutation: You are partially covered in icy blue scales. (AC +2) [potion of mutation]
 78259 | Zot:5    | Gained mutation: You are very weak. (Str -4) [potion of mutation]
 78259 | Zot:5    | Gained mutation: You have a pair of small antennae on your head. [potion of mutation]
 78260 | Zot:5    | Lost mutation: You are very weak. (Str -4) [potion of mutation]
 78260 | Zot:5    | Lost mutation: You are partially covered in icy blue scales. (AC +2) [potion of mutation]
 78260 | Zot:5    | Lost mutation: You have a pair of small antennae on your head. [potion of mutation]
 78260 | Zot:5    | Lost mutation: You are weak. (Str -2) [potion of mutation]
 78260 | Zot:5    | Lost mutation: You have an increased reservoir of magic. (+10% MP) [potion of mutation]
 78260 | Zot:5    | Gained mutation: Your spells are a little harder to cast, but a little more powerful. [potion of mutation]
 78260 | Zot:5    | Gained mutation: Your spells are harder to cast, but more powerful. [potion of mutation]
 78260 | Zot:5    | Gained mutation: You are resistant to hostile enchantments. (MR+) [potion of mutation]
 78260 | Zot:5    | Gained mutation: You have a pair of small antennae on your head. [potion of mutation]
 78261 | Zot:5    | Lost mutation: You are resistant to hostile enchantments. (MR+) [potion of mutation]
 78261 | Zot:5    | Lost mutation: Your spells are harder to cast, but more powerful. [potion of mutation]
 78261 | Zot:5    | Lost mutation: You have a pair of small antennae on your head. [potion of mutation]
 78261 | Zot:5    | Gained mutation: You are clumsy. (Dex -2) [potion of mutation]
 78261 | Zot:5    | Lost mutation: You are clumsy. (Dex -2) [potion of mutation]
 78261 | Zot:5    | Gained mutation: You have a pair of small horns on your head. [potion of mutation]
 78261 | Zot:5    | Gained mutation: You can translocate small distances at will. [potion of mutation]
 78262 | Zot:5    | Lost mutation: You have a pair of small horns on your head. [potion of mutation]
 78262 | Zot:5    | Lost mutation: Your spells are a little harder to cast, but a little more powerful. [potion of mutation]
 78262 | Zot:5    | Lost mutation: You can translocate small distances at will. [potion of mutation]
 78262 | Zot:5    | Gained mutation: You are clumsy. (Dex -2) [potion of mutation]
 78262 | Zot:5    | Gained mutation: Armour fits poorly on your strangely shaped body. [potion of mutation]
 78262 | Zot:5    | Gained mutation: Your flesh is cold resistant. (rC+) [potion of mutation]
 78277 | Zot:5    | Noticed an ancient lich
 78292 | Zot:5    | Killed an ancient lich
 78355 | Zot:5    | Noticed an ancient lich
 78367 | Zot:5    | Killed an ancient lich
 78376 | Zot:5    | Noticed an orb of fire
 78380 | Zot:5    | Gained mutation: Your body sometimes deteriorates upon taking damage. [an orb of fire]
 78386 | Zot:5    | Killed an orb of fire
 78394 | Zot:5    | Noticed an orb of fire
 78396 | Zot:5    | HP: 11/249 [orb of fire/fireball (38)]
 78396 | Zot:5    | Killed from afar by an orb of fire

Skill      XL: |  1  2  3  4  5  6  7  8  9 10 11 12 13 14 15 16 17 18 19 20 21 22 23 24 25 26 27 |
---------------+----------------------------------------------------------------------------------+-----
Fighting       | 2 3 5 6 7 9 10 11 12 13 14 16 17 18 19 20 21 22 23 24 27 | 27.0
Axes           | 2 4 5 6 7 9 10 12 13 15 16 17 18 19 | 19.0
Armour         | 2 3 5 7 8 10 11 12 13 14 16 17 18 19 20 21 22 | 22.8
Dodging        | 3 5 7 10 12 13 15 16 | 16.7
Shields        | 4 6 8 10 12 13 15 16 17 18 19 20 21 23 26 | 26.2
Invocations    | 3 6 9 11 12 13 14 16 27 | 27.0
Stealth        | |  1.7
Spellcasting   | |  2.1
Conjurations   | |  4.3

Action                   |  1- 3 |  4- 6 |  7- 9 | 10-12 | 13-15 | 16-18 | 19-21 | 22-24 | 25-27 || total
-------------------------+-------+-------+-------+-------+-------+-------+-------+-------+-------++-------
Melee: Unarmed           |     7 |       |       |       |       |       |       |       |       ||     7
       Spear             |    85 |       |    12 |       |       |       |       |       |       ||    97
       Hand axe          |     4 |    16 |    13 |       |       |       |       |       |       ||    33
       Whip              |       |    96 |   207 |    23 |    41 |    16 |       |       |       ||   383
       Broad axe         |       |       |   155 |   732 |  1088 |   641 |   397 |  1446 |  3093 ||  7552
       War axe           |       |       |       |       |       |   654 |  1024 |       |       ||  1678
 Cast: Magic Dart        |    20 |       |       |       |       |       |       |       |       ||    20
Invok: Slouch            |       |       |       |       |       |     8 |       |       |     3 ||    11
       Step From Time    |       |       |       |       |       |     2 |     8 |     1 |       ||    11
       Bend Time         |       |       |       |       |       |     1 |     1 |       |       ||     2
 Abil: Hop               |       |     1 |     2 |     3 |     8 |     6 |     6 |     1 |     4 ||    31
Evoke: Wand              |       |       |       |     2 |     3 |       |       |       |     2 ||     7
  Use: Scroll            |     6 |     1 |    15 |    14 |    10 |    17 |    11 |     8 |    25 ||   107
       Potion            |       |     2 |     2 |     3 |     9 |    11 |     8 |     1 |     8 ||    44
 Stab: Sleeping          |     1 |       |     3 |       |       |       |       |       |       ||     4
       Distracted        |       |       |     1 |       |     1 |     2 |       |     1 |     1 ||     6
       Invisible         |       |       |     2 |       |       |       |       |       |       ||     2
       Paralysed         |       |       |       |     6 |       |       |       |       |       ||     6
       Petrified         |       |       |       |       |       |       |       |       |     6 ||     6
       Petrifying        |       |       |       |       |       |       |       |       |     1 ||     1
       Confused          |       |       |       |       |       |       |       |       |     1 ||     1
  Eat: Chunk             |     3 |     4 |    14 |    15 |    20 |    21 |    11 |    10 |    44 ||   142
       Royal jelly       |       |     1 |       |       |       |       |     7 |     5 |     1 ||    14
       Fruit             |       |       |       |       |       |     6 |       |       |       ||     6
Armor: Robe              |     7 |     2 |    91 |       |       |       |       |       |       ||   100
       Ring mail         |    29 |    32 |       |       |       |       |       |       |       ||    61
       Chain mail        |       |       |    81 |    60 |       |       |     2 |       |       ||   143
       Plate armour      |       |       |       |   415 |   453 |   469 |   379 |   460 |    23 ||  2199
       Skin              |       |       |       |       |       |       |     1 |       |     9 ||    10
       Gold dragon scale |       |       |       |       |       |       |       |       |   899 ||   899
Dodge: Dodged            |    63 |    55 |   214 |   483 |   664 |   667 |   491 |   649 |  1297 ||  4583
Block: Buckler           |       |       |       |     4 |   396 |   292 |       |       |       ||   692
       Shield            |       |       |       |       |       |   460 |  1199 |  1366 |  1063 ||  4088
       Reflection        |       |       |       |       |       |     7 |       |       |       ||     7
       Large shield      |       |       |       |       |       |       |       |       |  2790 ||  2790
